MLB
DETROIT TIGERS @ KANSAS CITY ROYALS
08/06/2098
 
TOP OF THE 1ST
Detroit Tigers batting - Pitching for Kansas City Royals : RHP Joel Elizarraraz
Pitching: RHP Joel Elizarraraz
Batting: LHB Tim Wilson 0-0: Ball
1-0: Swinging Strike
1-1: Ball
2-1: Ball
3-1: Base on Balls
Batting: LHB Denny Marshall 0-0: Ball
1-0: Called Strike
Tim Wilson steals 2nd base
1-1: Foul Ball, location: 2F
1-2: Strikes out swinging
Batting: SHB Mike Knighten 0-0: Called Strike
0-1: Swinging Strike
0-2: Strikes out swinging
Batting: SHB Mang He 0-0: Fly out, F9 (Flyball, 89M, EV 95.0 MPH)
Top of the 1st over - 0 runs, 0 hits, 0 errors, 1 left on base; Detroit 0 - Kansas City 0
BOTTOM OF THE 1ST
Kansas City Royals batting - Pitching for Detroit Tigers : RHP Chuck Watts
Pitching: RHP Chuck Watts
Batting: LHB Danny Bonilla 0-0: Fly out, F7 (Flyball, 7S, EV 77.5 MPH)
Batting: RHB Kevin Stark 0-0: Ball
1-0: Ball
2-0: Ground out 6-3 (Groundball, 56, EV 103.1 MPH)
Batting: LHB Jorge Castillo 0-0: Called Strike
0-1: SINGLE (Line Drive, 89S, EV 86.3 MPH)
Batting: RHB Travis Bernsen 0-0: Foul Ball, location: 7LDF
0-1: Foul Ball, location: 2F
0-2: Strikes out swinging
Bottom of the 1st over - 0 runs, 1 hit, 0 errors, 1 left on base; Detroit 0 - Kansas City 0
TOP OF THE 2ND
Detroit Tigers batting - Pitching for Kansas City Royals : RHP Joel Elizarraraz
Batting: LHB Brad Black 0-0: Ball
1-0: Ball
2-0: Called Strike
2-1: Called Strike
2-2: Ball
3-2: Foul Ball, location: 2F
3-2: Base on Balls
Batting: LHB Philip Clark 0-0: Ball
1-0: Called Strike
1-1: Ball
2-1: Ball
3-1: Called Strike
3-2: Foul Ball, location: 25FF
3-2: Foul Ball, location: 2F
3-2: DOUBLE (Line Drive, 7LS, EV 98.1 MPH)
Brad Black to third
Pitching: LHP Jim Garvelink
Batting: LHB Justin Kenworthy 0-0: Fly out, F7 (Flyball, 78S, EV 92.5 MPH)
Batting: LHB Billy Joye 0-0: Ball
1-0: Ball
2-0: Ball
3-0: Called Strike
3-1: Base on Balls
Batting: LHB Tyler Chapman 0-0: SINGLE (Line Drive, 4MD, EV 108.8 MPH)
Brad Black scores
Philip Clark to third
Billy Joye to second
Batting: LHB Tim Wilson 0-0: Ball
1-0: Called Strike
1-1: Fielders Choice at 2nd, 6-4 (Groundball, 56, EV 110.0 MPH)
Philip Clark scores
Billy Joye to third
Batting: LHB Denny Marshall 0-0: Called Strike
0-1: Called Strike
0-2: Foul Ball, location: 2F
0-2: Ball
1-2: Foul Ball, location: 2F
1-2: Ball
2-2: Strikes out swinging
Top of the 2nd over - 2 runs, 2 hits, 0 errors, 2 left on base; Detroit 2 - Kansas City 0
BOTTOM OF THE 2ND
Kansas City Royals batting - Pitching for Detroit Tigers : RHP Chuck Watts
Batting: LHB Mike Andreas 0-0: Ball
1-0: Ball
2-0: Ball
3-0: Base on Balls
Batting: RHB Blake Linden 0-0: Fly out, F8 (Flyball, 8LXD, EV 103.1 MPH)
Batting: LHB Tony Monterosa 0-0: Foul Ball, location: 2F
0-1: Ball
1-1: Ball
2-1: Grounds into double play, 4-6-3 (Groundball, 34S, EV 92.5 MPH)
Bottom of the 2nd over - 0 runs, 0 hits, 0 errors, 0 left on base; Detroit 2 - Kansas City 0
TOP OF THE 3RD
Detroit Tigers batting - Pitching for Kansas City Royals : LHP Jim Garvelink
Batting: SHB Mike Knighten 0-0: Ball
1-0: DOUBLE (Line Drive, 7LM, EV 106.3 MPH)
Batting: SHB Mang He 0-0: Called Strike
0-1: Ball
1-1: Ball
2-1: Ball
3-1: Foul Ball, location: 2RF
3-2: Foul Ball, location: 5F
3-2: Base on Balls
Batting: LHB Brad Black 0-0: Swinging Strike
0-1: Called Strike
0-2: Ball
1-2: Ball
2-2: Strikes out swinging
Batting: LHB Philip Clark 0-0: Ball
1-0: DOUBLE (Line Drive, 3D, EV 98.8 MPH)
Mike Knighten scores
Mang He to third
Batting: LHB Justin Kenworthy 0-0: Called Strike
0-1: Swinging Strike
0-2: Strikes out looking
Batting: LHB Billy Joye 0-0: Ball
1-0: Ball
2-0: Called Strike
2-1: Fly out, F8 (Flyball, 78M, EV 95.6 MPH)
Top of the 3rd over - 1 run, 2 hits, 0 errors, 2 left on base; Detroit 3 - Kansas City 0
BOTTOM OF THE 3RD
Kansas City Royals batting - Pitching for Detroit Tigers : RHP Chuck Watts
Batting: RHB Jacob Huckaby 0-0: Ball
1-0: Called Strike
1-1: Foul Ball, location: 9LSF
1-2: Ball
2-2: Strikes out looking
Batting: RHB Tim Kingsley 0-0: Ball
1-0: Fly out, F8 (Flyball, 8RD, EV 96.9 MPH)
Batting: LHB Danny Bonilla 0-0: Ball
1-0: Foul Ball, location: 23F
1-1: Swinging Strike
1-2: Foul Ball, location: 7LSF
1-2: Ball
2-2: Ball
3-2: Fly out, F8 (Flyball, 8LM, EV 98.1 MPH)
Bottom of the 3rd over - 0 runs, 0 hits, 0 errors, 0 left on base; Detroit 3 - Kansas City 0
TOP OF THE 4TH
Detroit Tigers batting - Pitching for Kansas City Royals : LHP Jim Garvelink
Batting: LHB Tyler Chapman 0-0: Swinging Strike
0-1: Ball
1-1: Ball
2-1: Ball
3-1: Foul Ball, location: 7LMF
3-2: Base on Balls
Pitching: RHP Rick Whitley
Batting: LHB Tim Wilson 0-0: Ball
1-0: Ball
2-0: Ball
3-0: Called Strike
3-1: Fielders Choice at 2nd, 4-6 (Groundball, 34S, EV 83.8 MPH)
Batting: LHB Denny Marshall 0-0: Ground out U3 (Groundball, 34, EV 107.5 MPH)
Tim Wilson to second
Batting: SHB Mike Knighten 0-0: Called Strike
0-1: DOUBLE (Flyball, 78XD, EV 110.6 MPH)
Tim Wilson scores
Batting: SHB Mang He 0-0: Ball
1-0: Swinging Strike
1-1: Ball
2-1: Foul Ball, location: 3FF
2-2: Ball
3-2: Strikes out looking
Top of the 4th over - 1 run, 1 hit, 0 errors, 1 left on base; Detroit 4 - Kansas City 0
BOTTOM OF THE 4TH
Kansas City Royals batting - Pitching for Detroit Tigers : RHP Chuck Watts
Batting: RHB Kevin Stark 0-0: Foul Ball, location: 2F
0-1: Ball
1-1: Swinging Strike
1-2: Ball
2-2: Foul Ball, location: 3FF
2-2: Foul Ball, location: 2F
2-2: Ball
3-2: Foul Ball, location: 2F
3-2: Foul Ball, location: 23F
3-2: Fly out, F9 (Flyball, 89M, EV 94.4 MPH)
Batting: LHB Jorge Castillo 0-0: Swinging Strike
0-1: Fly out, F8 (Flyball, 89M, EV 75.0 MPH)
Batting: RHB Travis Bernsen 0-0: Fly out, F6 (Line Drive, 6, EV 66.9 MPH)
Bottom of the 4th over - 0 runs, 0 hits, 0 errors, 0 left on base; Detroit 4 - Kansas City 0
TOP OF THE 5TH
Detroit Tigers batting - Pitching for Kansas City Royals : RHP Rick Whitley
Batting: LHB Brad Black 0-0: Foul Ball, location: 3FF
0-1: Ball
1-1: Swinging Strike
1-2: Ground out 4-3 (Groundball, 4, EV 101.9 MPH)
Batting: LHB Philip Clark 0-0: Swinging Strike
0-1: Called Strike
0-2: DOUBLE (Flyball, 89D, EV 108.8 MPH)
Batting: LHB Justin Kenworthy 0-0: Ball
1-0: Foul Ball, location: 2F
1-1: Ball
2-1: Ball
3-1: Foul Ball, location: 2F
3-2: Foul Ball, location: 3F
3-2: SINGLE (Groundball, 4M, EV 95.0 MPH) (infield hit)
Philip Clark to third
Batting: LHB Billy Joye 0-0: Fly out, F8 (Flyball, 8LS, EV 94.4 MPH)
Runner from 3rd tags up, OUT at HOME! 8-2
Top of the 5th over - 0 runs, 2 hits, 0 errors, 1 left on base; Detroit 4 - Kansas City 0
BOTTOM OF THE 5TH
Kansas City Royals batting - Pitching for Detroit Tigers : RHP Chuck Watts
Batting: LHB Mike Andreas 0-0: Ball
1-0: Swinging Strike
1-1: Ball
2-1: Foul Ball, location: 2F
2-2: Ball
3-2: Base on Balls
Batting: RHB Blake Linden 0-0: Swinging Strike
0-1: Called Strike
0-2: Ball
1-2: Ball
2-2: Strikes out swinging
Batting: LHB Tony Monterosa 0-0: Called Strike
0-1: SINGLE (Line Drive, 7S, EV 99.4 MPH)
Mike Andreas to second
Batting: RHB Jacob Huckaby 0-0: Called Strike
0-1: Ball
1-1: Ball
2-1: Called Strike
2-2: Fly out, F3 (Line Drive, 3, EV 75.0 MPH)
Lined into DP, 3-6 (Line Drive, 3, EV 75.0 MPH)
Bottom of the 5th over - 0 runs, 1 hit, 0 errors, 1 left on base; Detroit 4 - Kansas City 0
TOP OF THE 6TH
Detroit Tigers batting - Pitching for Kansas City Royals : RHP Rick Whitley
Batting: LHB Tyler Chapman 0-0: Foul Ball, location: 7LSF
0-1: Ball
1-1: Foul Ball, location: 2F
1-2: Strikes out swinging
Batting: LHB Tim Wilson 0-0: Ball
1-0: Swinging Strike
1-1: Ball
2-1: Ball
3-1: Fly out, F7 (Line Drive, 78M, EV 90.6 MPH)
Batting: LHB Denny Marshall 0-0: Called Strike
0-1: Swinging Strike
0-2: Fly out, F7 (Flyball, 7, EV 78.8 MPH)
Top of the 6th over - 0 runs, 0 hits, 0 errors, 0 left on base; Detroit 4 - Kansas City 0
BOTTOM OF THE 6TH
Kansas City Royals batting - Pitching for Detroit Tigers : RHP Chuck Watts
Batting: RHB Tim Kingsley 0-0: Ball
1-0: Ball
2-0: Ball
3-0: Called Strike
3-1: Foul Ball, location: 9LSF
3-2: Base on Balls
Pitching: RHP John Hernandez
Batting: LHB Danny Bonilla 0-0: Ball
1-0: Fly out, F9 (Line Drive, 89M, EV 102.5 MPH)
Batting: RHB Kevin Stark 0-0: Ball
1-0: Ball
2-0: Foul Ball, location: 2F
2-1: Fielders Choice at 2nd, 3-6 (Groundball, 34S, EV 88.1 MPH)
Batting: LHB Jorge Castillo 0-0: Fly out, F9 (Line Drive, 9LM, EV 98.8 MPH)
Bottom of the 6th over - 0 runs, 0 hits, 0 errors, 1 left on base; Detroit 4 - Kansas City 0
TOP OF THE 7TH
Detroit Tigers batting - Pitching for Kansas City Royals : RHP Rick Whitley
Pitching: LHP Sean Robbins
Batting: SHB Mike Knighten 0-0: Ball
1-0: Ball
2-0: Called Strike
2-1: Ground out 1-3 (Groundball, 13S, EV 71.3 MPH)
Batting: SHB Mang He 0-0: Called Strike
0-1: Ball
1-1: Foul Ball, location: 23F
1-2: Strikes out looking
Batting: LHB Brad Black 0-0: Foul Ball, location: 2F
0-1: Ball
1-1: Foul Ball, location: 2F
1-2: Foul Ball, location: 3F
1-2: Ball
2-2: Foul Ball, location: 2F
2-2: Foul Ball, location: 2F
2-2: Ground out 4-3 (Groundball, 4, EV 110.6 MPH)
Top of the 7th over - 0 runs, 0 hits, 0 errors, 0 left on base; Detroit 4 - Kansas City 0
BOTTOM OF THE 7TH
Kansas City Royals batting - Pitching for Detroit Tigers : RHP John Hernandez
Batting: RHB Travis Bernsen 0-0: Swinging Strike
0-1: Foul Ball, location: 2F
0-2: Ground out 5-3 (Groundball, 56, EV 87.5 MPH)
Batting: LHB Mike Andreas 0-0: Ball
1-0: Foul Ball, location: 7LMF
1-1: Ball
2-1: Foul Ball, location: 7LMF
2-2: Ball
3-2: Base on Balls
Batting: RHB Blake Linden 0-0: Swinging Strike
0-1: Called Strike
0-2: SINGLE (Groundball, 4D, EV 96.3 MPH)
Mike Andreas to second
Runner from 2nd tries for 3rd, SAFE, no throw by CF
Batting: LHB Tony Monterosa 0-0: Ball
Blake Linden is caught stealing 2nd base 2-6
1-0: Called Strike
1-1: Ball
2-1: Ball
3-1: Foul Ball, location: 7LDF
3-2: Strikes out swinging
Bottom of the 7th over - 0 runs, 1 hit, 0 errors, 1 left on base; Detroit 4 - Kansas City 0
TOP OF THE 8TH
Detroit Tigers batting - Pitching for Kansas City Royals : LHP Sean Robbins
Batting: LHB Philip Clark 0-0: Foul Ball, location: 3DF
0-1: SINGLE (Groundball, 4M, EV 97.5 MPH)
Batting: LHB Justin Kenworthy 0-0: Ball
Wild Pitch!
Philip Clark to second
1-0: Swinging Strike
1-1: Called Strike
1-2: Strikes out swinging
Batting: LHB Billy Joye 0-0: Foul Ball, location: 3SF
0-1: DOUBLE (Line Drive, 5D, EV 94.4 MPH)
Philip Clark scores
Batting: LHB Tyler Chapman 0-0: Called Strike
0-1: Called Strike
0-2: Strikes out swinging
Batting: LHB Tim Wilson 0-0: Called Strike
0-1: Ball
1-1: Ball
2-1: Ball
3-1: Ground out 1-3 (Groundball, 13S, EV 71.3 MPH)
Top of the 8th over - 1 run, 2 hits, 0 errors, 1 left on base; Detroit 5 - Kansas City 0
BOTTOM OF THE 8TH
Kansas City Royals batting - Pitching for Detroit Tigers : RHP John Hernandez
Pitching: LHP Carlos Ramirez
Batting: RHB Jacob Huckaby 0-0: Foul Ball, location: 2F
0-1: Foul Ball, location: 2RF
0-2: Ball
1-2: SINGLE (Groundball, 56D, EV 101.9 MPH)
Batting: RHB Tim Kingsley 0-0: Ball
1-0: Swinging Strike
1-1: Ball
2-1: Fly out, F5 (Popup, 25F, EV 80.6 MPH)
Pinch Hitting: RHB Maurice Groen 0-0: Ball
1-0: Ball
2-0: Ball
3-0: Called Strike
3-1: Foul Ball, location: 3F
3-2: DOUBLE (Line Drive, 89M, EV 102.5 MPH)
Jacob Huckaby to third
Jacob Huckaby scores
Batting: RHB Kevin Stark 0-0: Called Strike
0-1: Ball
1-1: Swinging Strike
1-2: Fly out, F4 (Flyball, 34D, EV 98.8 MPH)
Batting: LHB Jorge Castillo 0-0: Foul Ball, location: 23F
0-1: Swinging Strike
0-2: Ball
1-2: Foul Ball, location: 3F
1-2: Fly out, F8 (Flyball, 89M, EV 83.8 MPH)
Bottom of the 8th over - 1 run, 2 hits, 0 errors, 1 left on base; Detroit 5 - Kansas City 1
TOP OF THE 9TH
Detroit Tigers batting - Pitching for Kansas City Royals : LHP Sean Robbins
Pitching: LHP Brian Clute
Now at 2B: Maurice Groen
Batting: LHB Denny Marshall 0-0: Called Strike
0-1: Foul Ball, location: 7LMF
0-2: Ball
1-2: Foul Ball, location: 5DF
1-2: Strikes out swinging
Batting: SHB Mike Knighten 0-0: Called Strike
0-1: Swinging Strike
0-2: Foul Ball, location: 25F
0-2: Strikes out swinging
Batting: SHB Mang He 0-0: DOUBLE (Line Drive, 89D, EV 97.5 MPH)
Batting: LHB Brad Black 0-0: Ball
1-0: Foul Ball, location: 25F
1-1: Ball
2-1: Foul Ball, location: 2F
2-2: Ground out 4-3 (Groundball, 4, EV 93.1 MPH)
Top of the 9th over - 0 runs, 1 hit, 0 errors, 1 left on base; Detroit 5 - Kansas City 1
BOTTOM OF THE 9TH
Kansas City Royals batting - Pitching for Detroit Tigers : LHP Carlos Ramirez
Batting: RHB Travis Bernsen 0-0: Called Strike
0-1: Ball
1-1: Ball
2-1: Ball
3-1: Called Strike
3-2: Ground out 6-3 (Groundball, 6, EV 85.6 MPH)
Batting: LHB Mike Andreas 0-0: Swinging Strike
0-1: Swinging Strike
0-2: Strikes out swinging
Batting: RHB Blake Linden 0-0: Called Strike
0-1: Ball
1-1: Ball
2-1: Swinging Strike
2-2: Foul Ball, location: 3F
2-2: Ball
3-2: Foul Ball, location: 25F
3-2: Strikes out looking
Bottom of the 9th over - 0 runs, 0 hits, 0 errors, 0 left on base; Detroit 5 - Kansas City 1
Thursday, April 11th , 2024 - OOTP Baseball 24.11 Build 85